 Dungeon Crawl Stone Soup version 0.29.1-15-g9cfb28693d (webtiles) character file.

Game seed: 10010751255954644403

287 Hugehornet the Poker (level 6, -6/47 HPs)
             Began as a Formicid Fighter on Apr 2, 2023.
             Mangled by a kobold brigand
             ... wielding a +0 short sword
              (8 damage)
             ... in a sewer.
             The game lasted 00:06:50 (3290 turns).

Hugehornet the Poker (Formicid Fighter)             Turns: 3290, Time: 00:06:51

Health: -6/47      AC:  9    Str: 21    XL:     6   Next: 56%
Magic:  6/6        EV:  9    Int:  9    God:
Gold:   184        SH:  6    Dex: 19    Spells: 4/5 levels left

rFire   + . .      SeeInvis +   a - +0 trident
rCold   . . .      Faith    .   t - +0 buckler
rNeg    . . .      Spirit   .   b - +0 scale mail
rPois   .          Reflect  .   (helmet unavailable)
rElec   .          Harm     .   z - +0 cloak
rCorr   .          Rampage  .   f - +0 pair of gloves
Will    .....                   (no boots)
Stlth   ..........              r - amulet of the acrobat
HPRegen 0.15/turn               i - +6 ring of dexterity
MPRegen 0.10/turn               u - ring of protection from fire

@: mighty, invisible
A: permanent stasis, dig shafts and tunnels, antennae 3, four strong arms
a: Dig


You were in a sewer.
You visited 1 branch of the dungeon, and saw 4 of its levels.
You also visited: Sewer.

You collected 184 gold pieces.

Inventory:

Hand Weapons
 a - a +0 trident (weapon)
Missiles
 n - 2 throwing nets
Armour
 b - a +0 scale mail (worn)
 f - a +0 pair of gloves (worn)
 g - a +0 leather armour of fire resistance
 s - a +0 kite shield
 t - a +0 buckler (worn)
 z - a +0 cloak (worn)
Jewellery
 i - a +6 ring of dexterity (left hand)
 j - a ring of magical power
 l - a +6 ring of intelligence
 p - a +6 ring of dexterity
 r - an amulet of the acrobat (around neck)
 u - a ring of protection from fire (right hand)
 v - an amulet of guardian spirit
Scrolls
 h - a scroll of fear {unknown}
 m - a scroll of poison {unknown}
 o - a scroll of summoning
 q - 2 scrolls of magic mapping {unknown}
 w - a scroll of vulnerability {unknown}
 x - a scroll of enchant weapon {unknown}
 y - a scroll of blinking {unknown}
Potions
 e - a potion of haste {unknown}
 k - a potion of curing {unknown}
 A - a potion of heal wounds {unknown}


   Skills:
 - Level 3.2 Fighting
 - Level 6.0 Polearms
 + Level 4.2 Armour
 - Level 4.0 Shields


You had 4 spell levels left.
You knew the following spells:

 Your Spells              Type           Power      Damage    Failure   Level
a - Slow                  Hex            0%         N/A       78%         1

Your spell library contained the following spells:

 Spells                   Type           Power      Damage    Failure   Level
 Ensorcelled Hibernation  Hex/Ice        0%         N/A       89%         2
 Passwall                 Tmut/Erth      0%         N/A       89%         2
 Confusing Touch          Hex            0%         N/A       98%         3
 Vampiric Draining        Necr           0%         2d6       98%         3
 Swiftness                Air            Unusable   N/A       N/A         3

Dungeon Overview and Level Annotations

Branches:
Dungeon (4/15)              Sewer (1/1)
 Temple: D:4-7

Altars:
Vehumet


Innate Abilities, Weirdness & Mutations

You cannot be hasted, slowed, berserked, paralysed or teleported.
You can dig through walls and to a lower floor.
You have a pair of large antennae on your head. (SInv)
Your four strong arms can wield two-handed weapons with a shield.


Message History

The kobold brigand hits you with a +0 short sword.
The kobold hits you with a +0 short sword.
The kobold hits you but does no damage.
The kobold brigand hits you with a +0 short sword.
You closely miss the kobold brigand. You block the kobold brigand's attack.
The kobold hits you but does no damage. You block the kobold's attack.
The kobold brigand barely misses you.
You hit the kobold brigand but do no damage.
The kobold brigand hits you with a +0 short sword.
The kobold splashes around in the water.
The kobold barely misses you. The kobold brigand barely misses you.
You barely miss the kobold brigand.
The kobold brigand hits you with a +0 short sword.
The kobold misses you. The kobold hits you but does no damage.
You block the kobold brigand's attack.
You hit the kobold brigand but do no damage.
The kobold brigand hits you with a +0 short sword.
* * * LOW HITPOINT WARNING * * *
The kobold barely misses you. The kobold hits you with a +0 club.
* * * LOW HITPOINT WARNING * * *
The kobold brigand hits you but does no damage.
You feel very mighty all of a sudden.
The kobold brigand splashes around in the water.
The kobold splashes around in the water.
You block the kobold's attack. You block the kobold brigand's attack.
You hit the kobold brigand.
The kobold brigand is lightly wounded.
The kobold brigand hits you with a +0 short sword.
* * * LOW HITPOINT WARNING * * *
The kobold hits you but does no damage. x2
You block the kobold brigand's attack.
The kobold brigand hits you but does no damage.
The kobold splashes around in the water.
It was a potion of invisibility.
You fade into invisibility!
The kobold hits you but does no damage.
The kobold brigand hits you with a +0 short sword.
* * * LOW HITPOINT WARNING * * *
The kobold brigand hits you with a +0 short sword!
You die...

≈~#~~......##
≈~#P~.......#
~~~~~.....##
~#~~~.....#
#~~P....##
#~......#
#P......#
#..K....#
#~@K...##
#~KK...#
#~~..###
##''## #....
#!?..# #.∩.!#
#....# ######


You could see 2 kobold brigands and 2 kobolds.

Vanquished Creatures
  A kobold brigand (Sewer)
  A jelly (D:4)
  An orc priest (D:3)
  A hound (D:4)
  2 adders
  5 worms
  2 dart slugs
  7 orcs (D:3)
  5 endoplasms
  8 giant cockroaches
  9 goblins
  3 hobgoblins
  6 jackals
  5 kobolds
  A quokka (D:1)
  9 ball pythons
  9 bats
  4 frilled lizards
  5 rats
84 creatures vanquished.

Notes
Turn   | Place    | Note
-------+----------+-------------------------------------------
     0 | D:1      | Hugehornet the Formicid Fighter began the quest for the
                  | Orb.
     0 | D:1      | Reached XP level 1. HP: 18/18 MP: 1/1
   424 | D:1      | Reached XP level 2. HP: 23/24 MP: 2/2
   597 | D:1      | Reached skill level 3 in Polearms
   720 | D:1      | Reached XP level 3. HP: 29/29 MP: 3/3
  1286 | D:2      | Reached skill level 4 in Polearms
  1286 | D:2      | Reached XP level 4. HP: 35/35 MP: 4/4
  1561 | D:2      | Identified the +0 ring mail of Untruth {rF+}
  1896 | D:3      | Learned a level 1 spell: Slow
  1936 | D:3      | Found a radiant altar of Vehumet.
  2192 | D:3      | Reached skill level 5 in Polearms
  2192 | D:3      | Reached XP level 5. HP: 12/41 MP: 5/5
  3151 | D:4      | Reached XP level 6. HP: 40/47 MP: 6/6
  3177 | D:4      | Found a glowing drain.
  3188 | Sewer    | Entered a sewer
  3205 | Sewer    | Reached skill level 6 in Polearms
  3290 | Sewer    | HP: 2/47 [kobold brigand/+0 short sword (6)]
  3290 | Sewer    | Mangled by a kobold brigand

Illustrated notes

Levels and vault maps discovered:
D:1:      lightli_arrival_chessboard, layout_basic
D:2:      layout_rooms, minmay_close_crescents
D:3:      cheibrodos_pilgrimage, layout_loops_ring, nicolae_vehumet_altar_sigil,
          minmay_misc_feat_room, kennysheep_cross_bottleneck
D:4:      layout_basic, cheibrodos_sewer_entry_sluice, minmay_misc_feat_x
Sewer:    kennysheep_pipe_town

Skill      XL: |  1  2  3  4  5  6 |
---------------+-------------------+-----
Polearms       | 3 4 5 6 |  6.0
Armour         | 4 |  4.2
Fighting       | |  3.2
Shields        | |  4.0

Action                   |  1- 3 |  4- 6 || total
-------------------------+-------+-------++-------
Melee: Trident           |    97 |   162 ||   259
  Use: Scroll            |       |     4 ||     4
       Potion            |       |     2 ||     2
Armor: Scale mail        |    36 |    54 ||    90
Dodge: Dodged            |    30 |    45 ||    75
Block: Buckler           |    25 |    36 ||    61
       Kite shield       |       |     3 ||     3
